 Dungeon Crawl Stone Soup version 0.24-a0-169-g71aafec (webtiles) character file.

Game seed: 1014877770561269302

208 Borgoz the Sneak (level 5, 0/41 HPs)
             Began as a Ghoul Enchanter on Mar 8, 2019.
             Killed from afar by an orc wizard (8 damage)
             ... with a magic dart
             ... on level 2 of the Dungeon.
             The game lasted 00:06:28 (2820 turns).

Borgoz the Sneak (Ghoul Enchanter)                  Turns: 2820, Time: 00:06:29

Health: 0/41       AC:  3    Str: 12    XL:     5   Next: 86%
Magic:  6/6        EV: 12    Int: 15    God:
Gold:   55         SH:  0    Dex: 10    Spells: 1/7 levels left

rFire    . . .     SeeInvis .   o - +2 dagger (drain)
rCold    + . .     Gourm    .   (no shield)
rNeg     + + +     Faith    .   p - +0 leather armour
rPois    ∞         Spirit   .   (no helmet)
rElec    .         Reflect  .   (no cloak)
rCorr    .         Harm     .   (no gloves)
MR       .....                  (no boots)
Stlth    ++........             (no amulet)
HPRegen  0.00/turn              (no ring)
MPRegen  0.10/turn              (no ring)

@: brilliant, rotting
A: rotting body, claws 1, carnivore, cold resistance 1, negative energy
resistance 3, inhibited regeneration, torment resistance, unbreathing
a: no special abilities


You were on level 2 of the Dungeon.
You were not hungry.

You visited 1 branch of the dungeon, and saw 3 of its levels.

You collected 55 gold pieces.

Inventory:

Hand Weapons
 o - a +2 dagger of draining (weapon)
Armour
 p - a +0 leather armour (worn)
Scrolls
 a - a scroll of enchant armour {unknown}
 c - 4 scrolls of identify {unknown}
 e - 2 scrolls of amnesia {unknown}
 f - a scroll of enchant weapon {unknown}
 g - 4 scrolls of remove curse {unknown}
 j - a scroll of fear {unknown}
 k - 2 scrolls of immolation {unknown}
 l - a scroll of blinking {unknown}
 q - a scroll of teleportation {unknown}
Potions
 h - a potion of brilliance
 i - 2 potions of haste {unknown}
 m - a potion of curing {unknown}
 n - 2 potions of might {unknown}
Comestibles
 d - 5 rations


   Skills:
 + Level 2.0 Fighting
 + Level 2.9 Short Blades
 + Level 1.7 Armour
 + Level 2.8 Dodging
 + Level 4.2 Stealth
 - Level 1.7 Spellcasting
 - Level 2.4 Hexes


You had one spell level left.
You knew the following spells:

 Your Spells              Type           Power        Failure   Level  Hunger
a - Corona                Hex            ###....      1%          1    ##.....
b - Ensorcelled Hibernat  Hex/Ice        ##....       3%          2    ###....
c - Confuse               Hex            ###.....     4%          3    ####...

Your spell library contained the following spells:

 Spells                   Type           Power        Failure   Level  Hunger
 Tukima's Dance           Hex            ###.....     4%          3    ####...
 Dazzling Spray           Conj/Hex       ##....       6%          3    ####...


Dungeon Overview and Level Annotations

Branches:
Dungeon (3/15)

Altars:
Okawaru
Trog


Innate Abilities, Weirdness & Mutations

Your body is rotting away.
You thrive on raw meat.
You are immune to poison.
You have sharp fingernails.
You are carnivorous and can eat meat at any time.
Your flesh is cold resistant. (rC+)
You are immune to negative energy. (rN+++)
You do not regenerate when monsters are visible.
You are immune to unholy pain and torment.
You can survive without breathing.


Message History

Deactivating autopickup; reactivate with Ctrl-A.
Something hits you but does no damage.
An orc wizard appears from thin air!
Reactivating autopickup.
You hit the orc wizard but do no damage.
The orc wizard is moderately wounded.
The orc wizard closely misses you.
You barely miss the orc wizard.
The orc wizard is moderately wounded.
The orc wizard completely misses you. The orc wizard barely misses you.
You barely miss the orc wizard.
The orc wizard is moderately wounded.
The orc wizard points at you and mumbles some strange words.
The puff of frost hits you. You resist.
* * * LOW HITPOINT WARNING * * *
It was a potion of brilliance.
You feel clever all of a sudden.
The orc wizard points at you and mumbles some strange words.
The magic dart hits you!
You die...

.#.....##.......#
.#<....##.......#
.###....#.......#
####....#.......#
##......#.......#
##......#.......#
#.......#.......# #########
#.....######...####.......#
...........)....@o.....>..#
#.....######...####.......#
..........##...# #.......#
..........##...# #########
..........########
..........#......#
#.##......#......#
#.###'#####......##
#.................#


You could see an orc wizard.

Vanquished Creatures
  An orc priest (D:3)
  A hound zombie (D:3)
  6 adders
  3 worms (D:3)
  3 dart slugs
  4 leopard geckos
  4 orcs (D:3)
  12 bats
  5 giant cockroaches
  8 goblins
  5 hobgoblins
  6 jackals
  5 quokkas
  2 ball pythons
  4 frilled lizards
  12 kobolds
  7 rats
88 creatures vanquished.

Notes
Turn   | Place    | Note
-------+----------+-------------------------------------------
     0 | D:1      | Borgoz the Ghoul Enchanter began the quest for the Orb.
     0 | D:1      | Reached XP level 1. HP: 14/14 MP: 2/2
    19 | D:1      | Reached skill level 1 in Short Blades
    67 | D:1      | Reached XP level 2. HP: 15/22 MP: 3/3
    91 | D:1      | Learned a level 2 spell: Ensorcelled Hibernation
   703 | D:1      | Reached XP level 3. HP: 23/27 MP: 4/4
   896 | D:1      | Reached skill level 1 in Fighting
  1271 | D:2      | Reached skill level 1 in Armour
  1375 | D:2      | Reached XP level 4. HP: 16/35 MP: 5/5
  1490 | D:2      | Learned a level 3 spell: Confuse
  1784 | D:2      | Found an iron altar of Okawaru.
  1785 | D:2      | Found a bloodstained altar of Trog.
  2279 | D:3      | Reached XP level 5. HP: 39/41 MP: 6/6
  2329 | D:3      | Reached skill level 4 in Stealth
  2820 | D:2      | Killed from afar by an orc wizard

Levels and vault maps discovered:
D:1:      doesnt_arrival_eight_statues, layout_basic
D:2:      layout_basic, gammafunk_temple_overflow_pools, first_ration
D:3:      layout_basic, minivault_14, chequers_serial_rivers_micro_a

Skill      XL: |  1  2  3  4  5 |
---------------+----------------+-----
Short Blades   | 1 2 |  2.9
Dodging        | 2 |  2.8
Fighting       | 1 2 |  2.0
Armour         | 1 |  1.7
Stealth        | 4 |  4.2
Spellcasting   | |  1.7
Hexes          | |  2.4

Action                   |  1- 3 |  4- 6 || total
-------------------------+-------+-------++-------
Melee: Dagger            |   235 |   169 ||   404
 Cast: Corona            |     3 |       ||     3
       Ensorcelled Hiber |     2 |       ||     2
  Use: Potion            |     1 |     1 ||     2
 Stab: Sleeping          |     2 |     7 ||     9
  Eat: Chunk             |    19 |    13 ||    32
Armor: Robe              |    56 |     4 ||    60
       Leather armour    |       |    26 ||    26
Dodge: Dodged            |   168 |    92 ||   260

Table legend:
 A = Non-vault XP
 B = Vault XP
 C = Vault XP percentage of total XP
 D = Non-vault monster count
 E = Vault monster count
 F = Vault count percentage of total count
                 A         B        C        D         E       F
            +---------+---------+-------+---------+---------+-------
      Total |     298 |       0 |   0.0 |      88 |       0 |   0.0
            +---------+---------+-------+---------+---------+-------
        D:1 |      38 |       0 |   0.0 |      23 |       0 |   0.0
        D:2 |      81 |       0 |   0.0 |      33 |       0 |   0.0
        D:3 |     179 |       0 |   0.0 |      32 |       0 |   0.0
            +---------+---------+-------+---------+---------+-------
